 Dungeon Crawl Stone Soup version 0.28-a0-1510-gd0f6b136d3 (webtiles) character file.

Game seed: 5211504958792539017

378 horus123 the Poker (level 6, -3/51 HPs)
             Began as a Merfolk Monk on Jan 15, 2022.
             Was a Believer of Ru.
             Slain by a black bear (6 damage)
             ... on level 4 of the Dungeon.
             The game lasted 00:09:10 (3787 turns).

horus123 the Poker (Merfolk Monk)                   Turns: 3787, Time: 00:09:11

Health: -3/51      AC:  3    Str: 11    XL:     6   Next: 74%
Magic:  6/6        EV: 17    Int:  9    God:    Ru [**....]
Gold:   138        SH:  0    Dex: 27    Spells: 5/5 levels left

rFire   . . .      SeeInvis .   a - +0 spear
rCold   . . .      Faith    .   (no shield)
rNeg    . . .      Spirit   .   b - +0 robe
rPois   .          Reflect  .   (no helmet)
rElec   .          Harm     .   (no cloak)
rCorr   .          Rampage  .   (no gloves)
Will    +....                   c - +0 pair of boots
Stlth   +++.......              (no amulet)
HPRegen 0.17/turn               i - ring of Oqytt {*Corrode +Blink Will+ Dex+8 Slay+2}
MPRegen 0.10/turn               (no ring)

@: no status effects
A: inability to use devices, (nimble swimmer 2), mertail
a: Renounce Religion


You were on level 4 of the Dungeon.
You worshipped Ru.
Ru was pleased with you.
You visited 1 branch of the dungeon, and saw 6 of its levels.

You collected 138 gold pieces.

Inventory:

Hand Weapons
 a - a +0 spear (weapon)
Armour
 b - a +0 robe (worn)
 c - a +0 pair of boots (worn)
Jewellery
 i - the ring of Oqytt (left hand) {*Corrode +Blink Will+ Dex+8 Slay+2}
   (You found it on level 4 of the Dungeon)

   [ring of willpower]

   Dex:       It affects your dexterity (+8).
   Slay:      It affects your accuracy & damage with ranged weapons and melee
   (+2).
   +Blink:    It lets you blink.
   *Corrode:  It may corrode you when you take damage.
   Will:      It increases your willpower.
Potions
 d - a potion of haste
 e - a potion of attraction {unknown}
 f - a potion of flight {unknown}
 g - a potion of degeneration {unknown}
 h - a potion of lignification {unknown}


   Skills:
 - Level 5.0 Fighting
 + Level 7.9 Polearms
 - Level 6.0 Dodging
 - Level 2.1 Stealth


You had 5 spell levels left.
You didn't know any spells.
Your spell library was empty.

Dungeon Overview and Level Annotations

Branches:
Dungeon (6/15)             Temple (0/1) D:4

Altars:
Elyvilon
Ru

Annotations:
D:5 Eustachio, Grinder


Innate Abilities, Weirdness & Mutations

You cannot study or use magical devices.
((You are very nimble when in or above water. (Stealth+, EV+, Speed+++)))
Your lower body shifts to a powerful aquatic tail in water.


Message History

The black bear is moderately wounded.
You hit the black bear.
The black bear is moderately wounded.
The black bear barely misses you. The black bear claws you.
The black bear closely misses you.
You hit the black bear.
The black bear is moderately wounded.
The black bear completely misses you. x2; The black bear misses you.
You barely miss the black bear.
The black bear is moderately wounded.
You hit the black bear.
The black bear is heavily wounded.
The black bear begins to attack, but is stunned by your conviction!
You completely miss the black bear.
The black bear is heavily wounded.
The black bear bites you! The black bear claws you. x2
You hit the black bear.
The black bear is heavily wounded.
You hit the black bear.
The black bear is severely wounded.
The black bear goes berserk!
You completely miss the black bear.
The black bear is severely wounded.
The black bear bites you! The black bear completely misses you.
The black bear closely misses you.
You hit the black bear.
The black bear is almost dead.
The black bear bites you! The black bear claws you. x2
You are too injured to fight recklessly!
You are too injured to fight recklessly!
You hit the black bear.
The black bear is almost dead.
The black bear bites you!
* * * LOW HITPOINT WARNING * * *
The black bear barely misses you. The black bear claws you.
* * * LOW HITPOINT WARNING * * *
You hit the black bear.
The black bear is almost dead.
The black bear bites you.
You die...

#.# #.# .. #.#######
#. ##.......# #.##
#.....##.# ...
#..##.##.# ..#
#.....##.# #.#
#..#..##.# ##h#
#..#..##.######.@##
......##..........###
....................+
...#.####.###.....###
#.#...# #.# #.#.#.#
###.#.# #.# #.###.#
###.#.# #.# #.# .#
....#.. ... ... .#
.#### ##.## #.#


You could see a black bear (berserk).

Vanquished Creatures
  An ogre (D:4)
  A bullfrog zombie (D:6)
  2 orc priests (D:2)
  2 orc wizards
  2 adders
  5 gnolls
  An ufetubus (D:2)
  An adder skeleton (D:4)
  2 dart slugs (D:1)
  11 orcs
  A ball python (D:1)
  9 bats
  3 endoplasms
  4 giant cockroaches
  3 goblins
  4 hobgoblins
  8 jackals (D:1)
  2 quokkas
  3 frilled lizards
  3 kobolds
  4 rats
72 creatures vanquished.

Vanquished Creatures (others)
  A plant (D:4)
1 creature vanquished.

Grand Total: 73 creatures vanquished

Notes
Turn   | Place    | Note
-------+----------+-------------------------------------------
     0 | D:1      | horus123 the Merfolk Monk began the quest for the Orb.
     0 | D:1      | Reached XP level 1. HP: 18/18 MP: 1/1
    63 | D:1      | Reached skill level 5 in Polearms
    66 | D:1      | Reached XP level 2. HP: 22/24 MP: 2/2
   339 | D:1      | Reached skill level 6 in Polearms
   339 | D:1      | Reached XP level 3. HP: 27/29 MP: 3/3
  1166 | D:2      | Reached skill level 7 in Polearms
  1166 | D:2      | Reached XP level 4. HP: 35/35 MP: 4/4
  1508 | D:2      | HP: 1/37 [orc priest (5)]
  1516 | D:2      | Reached XP level 5. HP: 24/43 MP: 5/5
  1888 | D:2      | Reached skill level 5 in Fighting
  2063 | D:2      | Found a faded altar of an unknown god.
  2813 | D:3      | Reached skill level 5 in Dodging
  2849 | D:3      | You fall into a shaft and drop 3 floors!
  2852 | D:6      | Found a sacrificial altar of Ru.
  2867 | D:6      | Became a worshipper of Ru the Awakened
  2887 | D:6      | Gained mutation: You cannot study or use magical devices.
                  | [Ru sacrifice]
  2887 | D:6      | Reached * piety under Ru
  2887 | D:6      | Reached ** piety under Ru
  2931 | D:6      | Reached XP level 6. HP: 8/51 MP: 6/6
  2935 | D:5      | Entered Level 5 of the Dungeon
  3185 | D:5      | Noticed Grinder
  3189 | D:5      | Noticed Eustachio
  3192 | D:5      | Paralysed by Grinder for 2 turns
  3385 | D:4      | Found a staircase to the Ecumenical Temple.
  3396 | D:4      | Identified the ring of Oqytt {*Corrode +Blink Will+ Dex+8
                  | Slay+2}
  3483 | D:4      | Found a white marble altar of Elyvilon.
  3774 | D:4      | Noticed a black bear
  3786 | D:4      | HP: 2/51 [black bear (3)]
  3787 | D:4      | Slain by a black bear

Illustrated notes

Levels and vault maps discovered:
D:1:      elethiomel_arrival_infinity_welcomes_careful_drivers, layout_rooms
D:2:      layout_basic, chequers_ecumenical_altar_simple_redux
D:3:      layout_loops_corners, minmay_misc_feat_roman, minmay_misc_feat_rugged,
          grunt_decor_cap
D:4:      layout_loops_corners, nicolae_elyvilon_temple_path,
          minmay_temple_entry_waves
D:5:      layout_rooms, kennysheep_little_box, uniq_ijyb, uniq_eustachio,
          uniq_grinder
D:6:      layout_basic, old_standard_altar

Skill      XL: |  1  2  3  4  5  6 |
---------------+-------------------+-----
Polearms       | 5 6 7 |  7.9
Fighting       | 4 5 |  5.0
Dodging        | 5 6 |  6.0
Stealth        | |  2.1

Action                   |  1- 3 |  4- 6 || total
-------------------------+-------+-------++-------
Melee: Spear             |   144 |   206 ||   350
       Punch             |     2 |     4 ||     6
Invok: Sacrifice Artific |       |     1 ||     1
  Use: Potion            |     1 |     1 ||     2
       Scroll            |       |     3 ||     3
 Stab: Sleeping          |     5 |     9 ||    14
Armor: Robe              |    39 |    11 ||    50
Dodge: Dodged            |    99 |    93 ||   192

Table legend: (Time is in decaauts)
 A = Elapsed time spent in this place.
 B = Non-inter-level travel time spent in this place.
 C = Inter-level travel time spent in this place.
 D = Time resting spent in this place.
 E = Time spent auto-exploring this place.
 F = Levels seen in this place.
 G = Mean time per level.
                   A        B        C        D        E       F      G
               +--------+--------+--------+--------+--------+-----+--------+
         Total |   3684 |   3618 |     66 |   1154 |   1844 |   6 |  614.0 |
       Dungeon |   3684 |   3618 |     66 |   1154 |   1844 |   6 |  614.0 |
               +--------+--------+--------+--------+--------+-----+--------+

Top non-repeatable levels by time:
     D:2: 1378 daAuts
     D:1: 1085 daAuts
     D:4: 567 daAuts
     D:3: 312 daAuts
     D:5: 260 daAuts
     D:6: 80 daAuts
